Cogmind - Beta 9.2 @@@ ROGUE MODE // 2019.11.14 @ 18:47:10 Player: Fleshy Vegetable Bird Result: Self-destructed Performance ------------- Evolutions (2) 1000 Regions Visited (4) 800 Robots Destroyed (80) 400 Value Destroyed (1260) 1260 Prototype IDs (3) 60 Alien Tech Used (0) 0 Bonus (-53) -53 TOTAL SCORE: 3467 Bonus ------- High Alert Combat Kills 6 Friendly Fire -59 Cogmind --------- Core Integrity 475/550 Matter 65/300 Energy 257/300 System Corruption 0% Temperature Cool (6) Movement Walking (160) Ox1 Location -8/Materials Parts ------- > --- POWER (2) -------- Light Ion Engine Deuterium Engine > --- PROPULSION (3) --- Titanium Leg Flight Unit > --- UTILITY (4) ------ Medium Storage Unit Light Armor Plating Improved Shield Generator Hacking Suite > --- WEAPON (2) ------- Mini Grenade Launcher > --- INVENTORY (8) ---- Light Ion Engine Improved Terrain Scan Processor Hacking Suite Rocket Launcher Mini Grenade Launcher Mini Grenade Launcher Hammer Peak State ------------ > --- POWER ------------ Light Ion Engine Deuterium Engine > --- PROPULSION ------- Titanium Leg Flight Unit > --- UTILITY ---------- Medium Storage Unit Light Armor Plating Improved Shield Generator Hacking Suite > --- WEAPON ----------- Heavy Assault Rifle Mini Grenade Launcher > --- INVENTORY -------- Light Ion Engine Improved Terrain Scan Processor Hacking Suite Rocket Launcher Mini Grenade Launcher Mini Grenade Launcher Hammer [Rating: 22] Favorites ----------- Power Light Ion Engine Engine Light Ion Engine Propulsion Hover Unit Leg Titanium Leg Wheel Compact Wheel Hover Unit Hover Unit Flight Unit Flight Unit Utility Medium Storage Unit Device Weight Redist. System Storage Medium Storage Unit Hackware Hacking Suite Protection Light Armor Plating Weapon Mini Grenade Launcher Energy Gun Medium Laser Ballistic Gun Heavy Assault Rifle Launcher Mini Grenade Launcher Special Weapon Plasma Cutter Impact Weapon Hammer Build | -11 -10 -9 -9 -8 ------- Run | Scr Mat Mat Min Mat Slots Evolved 4 | . . 2 . 2 Power 1 | . . . . 1 Propulsion 1 | . . 1 . . Utility 2 | . . 1 . 1 Weapon . | . . . . . Parts Attached 49 | 6 13 12 8 10 Power 10 | 1 3 3 1 2 Engine 10 | 1 3 3 1 2 Core . | . . . . . Reactor . | . . . . . Propulsion 13 | 2 4 2 4 1 Treads . | . . . . . Leg 1 | . . . . 1 Wheel 2 | 2 . . . . Hover 6 | . 4 2 . . Flight 4 | . . . 4 . Utility 7 | 1 2 1 . 3 Device 2 | . 1 . . 1 Storage 2 | 1 1 . . . Processor . | . . . . . Hackware 1 | . . . . 1 Protection 2 | . . 1 . 1 Artifact . | . . . . . Weapon 19 | 2 4 6 3 4 Energy Gun 7 | 2 1 3 1 . Energy Cannon . | . . . . . Ballistic Gun 2 | . . . . 2 Ballistic Cannon . | . . . . . Launcher 7 | . 3 2 1 1 Special Weapon 2 | . . 1 1 . Impact Weapon 1 | . . . . 1 Slashing Weapon . | . . . . . Piercing Weapon . | . . . . . Special Melee Weapon . | . . . . . Unidentified Prototypes 1 | . . 1 . . Parts Lost 15 | . 1 3 6 5 Power 1 | . . . 1 . Propulsion 7 | . 1 2 2 2 Utility 2 | . . . 1 1 Weapon 5 | . . 1 2 2 Highest Loss Streak 4 | . 1 2 4 2 Average Slot Usage (%) 80 | . 90 80 75 64 Engine 10 | . 13 11 6 12 Hover 16 | . 25 22 9 . Flight 7 | . . . 17 14 Device 7 | . 5 11 11 5 Storage 11 | . 14 11 11 9 Protection 2 | . . 3 4 1 Energy Gun 7 | . 13 15 . . Ballistic Gun 1 | . . . . 11 Launcher 11 | . 14 5 15 3 Naked Turns . | . . . . . Heaviest Build 27 | 11 15 18 16 27 Greatest Support 26 | 26 26 24 18 18 Greatest Overweight (x) 2 | . 2 1 2 2 Average Overweight (x) . | . . . . . Largest Inventory Capacity 8 | 6 8 8 8 8 Average Capacity 7 | 5 6 8 8 8 Most Carried 8 | 5 8 8 8 8 Average Carried 6 | 2 6 7 7 7 Final Capacity 8 | 6 8 8 8 8 Final Carried 8 | 5 8 7 7 7 Class Distribution -------------------- 62% | Mutant 37% | Scavenger-Mutant Dominant Class ---------------- Mutant | -10/Materials Mutant | -9/Materials Scavenger-Mutant | -9/Mines Mutant | -8/Materials Resources | -11 -10 -9 -9 -8 ----------- Run | Scr Mat Mat Min Mat Matter Collected 1069 | 199 336 111 242 181 Remotely . | . . . . . Salvage Created 1568 | 169 574 288 291 246 Parts 151 | 16 62 20 27 26 Haulers Intercepted 4 | . 2 2 . . Recyclers Shooed 1 | . . . 1 . Parts Field Recycled . | . . . . . Retrieved Matter . | . . . . . Parts Self-Destructed . | . . . . . Prevented . | . . . . . Kills | -11 -10 -9 -9 -8 ------- Run | Scr Mat Mat Min Mat Combat Hostiles Destroyed 40 | . 11 9 14 6 Guns 12 | . 1 5 . 6 Cannons 1 | . . . 1 . AOE 27 | . 10 4 13 . Classes Destroyed 11 | 3 5 1 2 . Worker 17 | 2 9 . 4 2 Builder 1 | . . . 1 . Tunneler 7 | 3 1 . 2 1 Hauler 4 | . 2 2 . . Recycler 5 | 1 1 . 3 . Operator 2 | . 1 1 . . Watcher 4 | . 3 1 . . Swarmer 21 | . 6 4 9 2 Grunt 12 | . 5 3 4 . Duelist 1 | . . . 1 . Sentry 6 | . . 2 . 4 Best Kill Streak 7 | 3 7 6 6 4 Combat Bots Only 6 | . 6 4 4 2 Max Kills in Single Turn 3 | 1 3 3 3 2 Gunslinging . | . . . . . Exploded 3 | . 3 3 2 . Melee . | . . . . . Uniques/NPCs Destroyed . | . . . . . Combat | -11 -10 -9 -9 -8 -------- Run | Scr Mat Mat Min Mat Damage Taken 1495 | . 161 349 405 580 Core 305 | . 22 110 98 75 Absorbed by Shields 18 | . . . . 18 Core Remaining (%) 79 | 100 91 . 48 . Volleys Fired 182 | 21 77 28 22 34 Largest 2 | 2 2 2 2 2 Hottest 130 | 100 80 130 60 53 Shots Fired 258 | 42 87 40 31 58 Gun 201 | 42 72 34 . 53 Cannon . | . . . . . Launcher 53 | . 15 4 29 5 Special 4 | . . 2 2 . Kinetic 53 | . . . . 53 Thermal 152 | 42 72 36 2 . Explosive 53 | . 15 4 29 5 Electromagnetic . | . . . . . Robot Hit Streak 17 | 7 6 9 9 17 Robot Miss Streak 8 | 2 8 8 4 6 Penetration Max . | . . . . . Secondary Targets 1 | . . . . 1 Max Gunslinging Chain 1 | . . . . 1 Shots Hit Robots 127 | 27 24 33 9 34 Core Hits 129 | 7 33 36 37 16 Critical Hits 1 | . . . . 1 Critical Kills 1 | . . . . 1 Critical Parts Destroyed . | . . . . . Melee Attacks 2 | . . . . 2 Impact 2 | . . . . 2 Slashing . | . . . . . Piercing . | . . . . . Sneak Attacks . | . . . . . Combat Hostiles . | . . . . . Follow-up Attacks . | . . . . . Damage Inflicted 4869 | 299 1344 775 1736 715 Guns 1494 | 299 412 320 . 463 Cannons . | . . . . . Explosions 3339 | . 932 443 1712 252 Melee . | . . . . . Ramming . | . . . . . Kinetic 463 | . . . . 463 Thermal 1067 | 299 412 332 24 . Explosive 3339 | . 932 443 1712 252 Electromagnetic . | . . . . . Impact . | . . . . . Slashing . | . . . . . Piercing . | . . . . . Highest Corruption . | . . . . . Average Corruption . | . . . . . Corruption Purged . | . . . . . Overload Shots . | . . . . . Overflow Damage 78 | . 13 19 46 . Projectiles . | . . . . . Explosions 78 | . 13 19 46 . Melee . | . . . . . Knockbacks . | . . . . . Impact . | . . . . . Kinetic . | . . . . . Secondary . | . . . . . Self-Inflicted Damage 232 | . 58 . 174 . Shots 8 | . 2 . 6 . Rammed . | . . . . . Targets Rammed . | . . . . . Kicked . | . . . . . Crushed . | . . . . . Highest Temperature 353 | 353 230 264 12 18 Average Temperature 87 | 141 66 110 4 8 Received Heat Transfer 330 | . 48 129 12 141 Effects 1 | 1 . . . . Shutdowns 1 | 1 . . . . Siege Activations . | . . . . . Robots Corrupted . | . . . . . Combat Hostiles . | . . . . . Parts Fried . | . . . . . Impact Corruptions . | . . . . . Robots Melted . | . . . . . Combat Hostiles . | . . . . . Parts Melted 1 | 1 . . . . Heat Transferred 2674 | 888 1221 491 74 . Parts Sabotaged . | . . . . . Parts Stolen . | . . . . . Parts Stripped . | . . . . . Power Chain Reactions . | . . . . . Missiles Intercepted . | . . . . . Alert | -11 -10 -9 -9 -8 ------- Run | Scr Mat Mat Min Mat Peak Influence 449 | 30 361 357 449 379 Average Influence 224 | 13 215 224 291 210 Maximum Alert Level 2 | . 1 1 2 1 Low Security (%) 43 | 100 44 36 24 59 Level 1 52 | . 55 63 62 40 Level 2 4 | . . . 13 . Level 3 . | . . . . . Level 4 . | . . . . . Level 5 . | . . . . . High Security . | . . . . . Max Security . | . . . . . Squads Dispatched 3 | . 1 1 . 1 Investigation . | . . . . . Extermination . | . . . . . Reinforcement 3 | . 1 1 . 1 Assault . | . . . . . Garrison . | . . . . . Intercept . | . . . . . Construction Impeded 2 | . . 1 . 1 Haulers Reinforced . | . . . . . Stealth | -11 -10 -9 -9 -8 --------- Run | Scr Mat Mat Min Mat Distress Signals 2 | . . 1 . 1 Communications Jammed . | . . . . . Distress Signals . | . . . . . Times Spotted 86 | . 35 20 19 12 Peak Tracking Total 8 | . 5 8 5 5 Tactical Retreats 10 | . 9 . 1 . Traps | -11 -10 -9 -9 -8 ------- Run | Scr Mat Mat Min Mat Traps Triggered . | . . . . . Indirectly . | . . . . . Trap Hack Attempts . | . . . . . Triggered . | . . . . . Disarmed . | . . . . . Reprogrammed . | . . . . . Reused . | . . . . . Traps Extracted . | . . . . . Installed . | . . . . . Triggered . | . . . . . Machines | -11 -10 -9 -9 -8 ---------- Run | Scr Mat Mat Min Mat Machines Disabled 11 | . 5 . 5 1 Max in Single Turn 3 | . 3 . 3 1 Machines Sabotaged . | . . . . . Garrisons Compromised . | . . . . . Overloaded Fab Kills . | . . . . . Fab Network Shutdowns . | . . . . . Hacking | -11 -10 -9 -9 -8 --------- Run | Scr Mat Mat Min Mat Machines Accessed 12 | . 8 3 . 1 Terminals 10 | . 7 3 . . Fabricators . | . . . . . Repair Stations 1 | . 1 . . . Recycling Units . | . . . . . Scanalyzers 1 | . . . . 1 Garrison Access . | . . . . . Total Hacks 50 | . 33 14 . 3 Successful 32 | . 22 7 . 3 Failed 18 | . 11 7 . . Catastrophic . | . . . . . Database Lockouts . | . . . . . Manual 42 | . 31 11 . . Terminals 44 | . 30 14 . . Fabricators . | . . . . . Repair Stations 3 | . 3 . . . Recycling Units . | . . . . . Scanalyzers 3 | . . . . 3 Garrison Access . | . . . . . Terminal Hacks 5 | . 3 2 . . Prototype ID Bank 1 | . 1 . . . Terminal Index 2 | . 1 1 . . Scanalyzer Index 1 | . . 1 . . Recall Investigation 1 | . 1 . . . Fabricator Hacks . | . . . . . Repair Station Hacks 3 | . 3 . . . Scan Component 2 | . 2 . . . Repair 1 | . 1 . . . Recycling Unit Hacks . | . . . . . Scanalyzer 3 | . . . . 3 Insert Component 1 | . . . . 1 Analyze 2 | . . . . 2 Garrison Access Hacks . | . . . . . Unauthorized Hacks 52 | . 38 14 . . Terminals 21 | . 16 5 . . Track 7 | . 5 2 . . Assimilate 3 | . 3 . . . Botnet 9 | . 7 2 . . Operators 2 | . 1 1 . . Fabricators . | . . . . . Repair Stations . | . . . . . Recycling Units . | . . . . . Scanalyzers . | . . . . . Garrison Access . | . . . . . Data Cores Recovered . | . . . . . Used . | . . . . . Hacking Detections 12 | . 8 3 . 1 Full Trace Events 2 | . 2 . . . Feedback Events . | . . . . . Feedback Blocked . | . . . . . Robot Schematics Acquired . | . . . . . Robots Built . | . . . . . Matter . | . . . . . Time . | . . . . . Total Robot Build Rating . | . . . . . Part Schematics Acquired 1 | . . . . 1 Parts Built . | . . . . . Matter . | . . . . . Time . | . . . . . Total Part Build Rating . | . . . . . Parts Repaired 1 | . 1 . . . Time 32 | . 32 . . . Parts Recycled . | . . . . . Recycled Matter . | . . . . . Retrieved Matter . | . . . . . Retrieved Components . | . . . . . Parts Scanalyzed 1 | . . . . 1 Part Schematics Acquired 1 | . . . . 1 Parts Damaged . | . . . . . Bothacking | -11 -10 -9 -9 -8 ------------ Run | Scr Mat Mat Min Mat Used RIF Installer . | . . . . . Robots Hacked . | . . . . . Non-combat . | . . . . . Combat . | . . . . . Robot Hacks Applied . | . . . . . Relay Couplers Released . | . . . . . Robots Rewired . | . . . . . Allies Hacked . | . . . . . Hacks Repelled . | . . . . . Allies | -11 -10 -9 -9 -8 -------- Run | Scr Mat Mat Min Mat Total Allies 1 | . 1 . . . Largest Group 1 | . 1 1 . . Highest-Rated Group 10 | . 10 10 . . Highest-Rated Ally 10 | . 10 10 . . Total Orders . | . . . . . Ally Attacks . | . . . . . Total Damage . | . . . . . Kills . | . . . . . Allies Corrupted . | . . . . . Allies Melted . | . . . . . Intel | -11 -10 -9 -9 -8 ------- Run | Scr Mat Mat Min Mat Robot Analysis Total . | . . . . . Derelict Logs Recovered 1 | . . . 1 . Drone Launches . | . . . . . Drone Recoveries . | . . . . . Exploration | -11 -10 -9 -9 -8 ------------- Run | Scr Mat Mat Min Mat Turns Passed 2317 | 152 896 269 675 325 Spaces Moved 2179 | 78 1034 226 697 144 Core 7 | 5 . . 2 . Treads . | . . . . . Legs 32 | . . . . 32 Wheels 142 | 73 69 . . . Hover 1421 | . 965 226 230 . Flight 577 | . . . 465 112 Fastest Speed 34 | 50 56 52 34 34 Average Speed 65 | 88 59 58 64 104 Slowest Speed 210 | 100 180 116 200 210 Overloaded Moves . | . . . . . Propulsion Burnouts . | . . . . . Robots Hopped 8 | . . . 8 . Cave-ins Triggered . | . . . . . Exploration Rate (%) 48 | 5 96 24 98 18 Regions Visited 4 Branch Regions 1 Pre-discovered Areas . | . . . . . Known Exits Taken . | . . . . . Unknown Exits Taken 4 | 1 1 1 1 . Scrap Searched 2 | . . . 2 . Spaces Dug 47 | . 4 . 37 6 Terrain Destroyed 421 | . 91 35 261 34 Melee 1 | . . . . 1 Projectile . | . . . . . AOE 420 | . 91 35 261 33 Actions | -11 -10 -9 -9 -8 --------- Run | Scr Mat Mat Min Mat Total 2804 | 119 1227 317 885 256 Wait 317 | . 63 41 156 57 Move 2161 | 77 1033 225 682 144 Hop 6 | . . . 6 . Pick Up 59 | 13 23 7 8 8 Fast Attach . | . . . . . Attach 28 | 6 5 5 5 7 Detach 1 | . 1 . . . Swap 21 | . 8 7 3 3 Drop 27 | 2 17 4 3 1 Fire 182 | 21 77 28 22 34 Melee 2 | . . . . 2 Ram . | . . . . . Kick . | . . . . . Crush . | . . . . . Escape Stasis . | . . . . . Rewire . | . . . . . Trap . | . . . . . Miscellaneous . | . . . . . Route ------- -11/Scrapyard -10/Materials (discovered 5 exits: *Mat x3 / [*Min x2]) -9/Materials -9/Mines (discovered 2 exits: *Mat x2) -8/Materials History --------- Turn | Location | Event 2 | -11/Scrapyard | Met Revision 17 19 | -11/Scrapyard | Discovered new exit (range 16) 153 | -11/Scrapyard | Entered Materials 310 | -10/Materials | Build established: Mutant 318 | -10/Materials | Discovered new exit (range 5) 368 | -10/Materials | Discovered new exit (range 15) 710 | -10/Materials | Discovered new exit (range 15) 828 | -10/Materials | Discovered new exit (range 7) 894 | -10/Materials | Discovered new exit (range 12) 1011 | -10/Materials | Repaired Mni. Grenade Launcher 1049 | -10/Materials | Entered another Materials area 1049 | -9/Materials | Accompanied by 1 ally 1049 | -9/Materials | Evolved 2 slots: Propulsion x1, Utility x1 1205 | -9/Materials | Discovered new exit (range 16) 1318 | -9/Materials | Entered Mines 1351 | -9/Mines | Met a Derelict bent on vengeance 1499 | -9/Mines | Discovered new exit (range 5) 1529 | -9/Mines | Build established: Scavenger-Mutant 1614 | -9/Mines | Lost 4 parts (1p1n1u1w) 1626 | -9/Mines | Core integrity fell below 50% 1675 | -9/Mines | Learned Materials terminal intel 1949 | -9/Mines | Discovered new exit (range 14) 1954 | -9/Mines | Deemed a non-threat by the Exiles lab entrance 1993 | -9/Mines | Entered Materials 1993 | -8/Materials | Evolved 2 slots: Power x1, Utility x1 1994 | -8/Materials | Loaded intel: 10 terminal locations 2318 | -8/Materials | Self-destructed Last Messages --------------- 02297_ U-05 Engineer lays Concrete. 02298_ Y-45 Defender suffers critical hit. 02298_ Y-45 Defender destroyed. 02298_ Destroyed Welding Torch. 02298_ ALERT: Construction progress impeded, dispatching reinforcements to local area. 02301_ U-05 Engineer lays Concrete. 02306_ The unstable cave ceiling collapses. 02306_ U-05 Engineer lays Concrete. 02311_ Acquired Imp. Shield Generator. 02311_ U-05 Engineer lays Concrete. 02314_ Slug penetrates Wall. 02314_ U-05 Engineer lays Concrete. 02315_ T-07 Excavator destroyed. 02315_ U-05 Engineer lays Concrete. 02315_ U-05 Engineer builds a Wall. 02316_ U-05 Engineer lays Concrete. 02317_ Penetrated by Slug. 02317_ Hvy. Assault Rifle destroyed. 02318_ U-05 Engineer lays Concrete. Map ----- +----------------------------------------------------+ | ??????# # """ """ #?####+#####?????????????? | | ??????# "" # #?# #?????????????? | | ??????# S"" ###########?# !! #?????????????? | | ??????# "" #???????????# !! #?????????????? | | ??????#########???????????# #?????????????? | | ??????????????????????????# #?????????????? | | ??????????????????????????# """ #?????????????? | | ??????????????????????????#! """ #?????????????? | | ??????????????????????????#= =""" #?????????????? | | ??????????????????????????# !% #?????????????? | | ?????????????????????????##/########?????????????? | | ?????????????????????????# * =#??????????????? | | ?????????????????????????# """ ! #??????????????? | | ?????????????????????????# "Y #??????????????? | | ?????????????????????????# """ #??????????????? | | ?????????????????????????# !!#??????????????? | | ?????????????????????????# """ ! ##?????????????? | | ?????????????????????????# """ #?????????????? | | ?????????????????????????# """ ##?????????????? | | ?????????????????????????# #??????????????? | | ?????????????????????????#####+###### #??????? | | ????????????????????????##### g #??????? | | ????????????????????????#[[ ##### #??????? | | ????????????????????????#[[ u###??????????????? | | ????????????????????????#!! # #??????????????? | | ????????????????????????#@! % #??????????????? | | ????????????????????????# a #??????????????? | | ???????????????????????# u u! #??????????????? | | ?????????????????????? # ###??????????????? | | ?????????????????????# %! #????????????????? | | ?????????????????????# #????????????????? | | ?????????????????????# !** #???????????????" | | ?????????????????????# !** #???????????????" | | ?????????????????????# ** %= ##???????????????? | | ?????????????????????# ????????????????? | | ?????????????????????#### #???????????????? | | ????????????????????????#### h #???????????????? | | ????????????????????????????# #???????????????? | | ????????????????????????????? #????????????????? | | ????????????????????????????? #????????????????? | | ?????????????????????????????? ??????????????????? | | ?????????????????????????????????????????????????? | | ?????????????????????????????????????????????????? | | ?????????????????????????????????????????????????? | | ?????????????????????????????????????????????????? | | ?????????????????????????????????????????????????? | | ?????????????????????????????????????????????????? | | ?????????????????????????????????????????????????? | | ?????????????????????????????????????????????????? | | ?????????????????????????????????????????????????? | +----------------------------------------------------+ Best States ------------- Heat Dissipation 31 Energy Generation 19 Energy Capacity 300 Matter Stores 300 Matter Capacity 300 Sight Range 16 Terrain Scan Density 10 Additional Mass Support 6 Armor Coverage 150 Evasion (%) 63 Offensive Hacking 10 Item Schematics ----------------- Hacking Suite | -8/Materials | Scanalyzed Robot Schematics ------------------ None Fabricated ------------ Nothing Alien Tech Used ----------------- None Achievements -------------- None Challenges ------------ None Game ------ Seed ScanElectronTearclaws Manual? 0 Play Time 00:35:04 Cumulative 167.8 hours Start 2019.11.12 @ 22:58:02 End 2019.11.14 @ 18:47:10 Sessions 2 Manual Loads 0 Difficulty Rogue Special Mode None Game No. 243 Rogue 243 Adventurer 0 Explorer 0 Win Type - Total 1 Types 1/0/0/0/0/0/0 Lore% 48 Gallery% 67 Achievement% 42 Wizard Run 0 Options --------- ASCII 0 Keyboard 0 Movement Numpad Keybinds 0 Fullscreen 1 Font 16/Terminus Map View 75x55 Tactical HUD 1 Map Filters NONE Filters NONE Steam 1 RUN: f16f8b20-7120-44d4-a750-bf6ecd4d5056